 Dungeon Crawl Stone Soup version 0.19.5 (webtiles) character file.

94 miragecloak the Changer (level 4, -2/38 HPs)
             Began as a Naga Transmuter on Apr 18, 2017.
             Slain by a phantom (7 damage)
             ... on level 4 of the Dungeon.
             The game lasted 00:05:39 (2836 turns).

miragecloak the Changer (Naga Transmuter)           Turns: 2836, Time: 00:05:39

Health: -2/38      AC:  2    Str: 13    XL:     4   Next: 63%
Magic:  6/7        EV: 19    Int: 13    God:
Gold:   82         SH:  0    Dex: 17    Spells: 1 memorised, 4 levels left

rFire  . . .     SeeInvis +       - Unarmed
rCold  . . .     Gourm    .     (armour currently unavailable)
rNeg   + . .     Faith    .     (shield currently unavailable)
rPois  x         Spirit   .     (helmet currently unavailable)
rElec  .         Reflect  .     (cloak currently unavailable)
rCorr  .         Harm     .     (gloves currently unavailable)
MR     .....                    (no barding)
Stlth  ++........               n - amulet of inaccuracy (curse)
                                (no ring)
                                p - ring of positive energy

@: short of breath, spider-form (expiring)
A: see invisible, (deformed body), (poison resistance), (slowness 0), slow
metabolism 1, spit poison 1, AC +1
a: Spit Poison, End Transformation


You were on level 4 of the Dungeon.
You were not hungry.
You were a venomous arachnid creature.
You visited 1 branch of the dungeon, and saw 4 of its levels.

You collected 82 gold pieces.

Inventory:

Missiles
 a - 12 arrows
Armour
 b - a +0 robe (melded)
Jewellery
 h - an uncursed ring of see invisible
 n - a cursed amulet of inaccuracy (around neck)
 p - a ring of positive energy (left front leg)
Scrolls
 l - a scroll of fog
 q - a scroll of remove curse {unknown}
 r - a scroll of fear {unknown}
Potions
 e - 2 potions of magic {unknown}
 f - a potion of ambrosia {unknown}
 g - a potion of brilliance {unknown}
 i - 2 potions of flight {unknown}
 j - 2 potions of curing {unknown}
 k - a potion of haste {unknown}
Books
 c - a book of Changes

   Spells                             Type                      Level
   a - Beastly Appendage              Transmutation                1
   b - Sticks to Snakes               Transmutation                2
   c - Spider Form                    Transmutation/Poison         3
   d - Ice Form                       Ice/Transmutation            4
   e - Blade Hands                    Transmutation                5
Comestibles
 d - 3 bread rations
 m - a meat ration
 o - 2 chunks of flesh


   Skills:
 - Level 1.0 Fighting
 - Level 1.5 Dodging
 - Level 3.0 Unarmed Combat
 - Level 2.0 Spellcasting
 + Level 3.9 Transmutations
 - Level 3.1 Poison Magic


You had 4 spell levels left.
You knew the following spells:

 Your Spells              Type           Power        Failure   Level  Hunger
b - Spider Form           Tmut/Pois      ##........   36%         3    ####...


Dungeon Overview and Level Annotations

Branches:
Dungeon (4/15)
 Temple: D:4-7

Altars:

Annotations:
D:3 Shinoi's ghost, amateur DsGl


Innate Abilities, Weirdness & Mutations

You cannot wear boots.
((Your serpentine skin is tough. (AC +1)))
You have supernaturally acute eyesight. (SInv)
((Armour fits poorly on your strangely shaped body.))
((Your system is resistant to poisons. (rPois)))
((You cover ground very slowly.))
You have a slow metabolism.
You can spit poison.


Message History

The phantom is heavily damaged.
The phantom hits you!
* * * LOW HITPOINT WARNING * * *
You closely miss the phantom.
The phantom is heavily damaged.
The phantom misses you.
You miss the phantom.
The phantom is heavily damaged.
The phantom completely misses you.
Press: ? - help, Shift-Dir - straight line, f - phantom
Aim: a phantom (heavily damaged)
The splash of poison misses the phantom.
You feel slightly more hungry. The phantom closely misses you.
You barely miss the phantom.
The phantom is heavily damaged.
The phantom barely misses you.
You barely miss the phantom.
The phantom is heavily damaged.
The phantom hits you!
You die...

#########
#.......#
#.⌠##.##⌠.#
#.##...## #
# #.⌠W⌠.#
#..s..#
#.⌠.⌠.#
##...##
#####


You could see a phantom.

Vanquished Creatures
  2 adders
  An ooze (D:1)
  2 worms
  A dart slug (D:1)
  A leopard gecko (D:1)
  An orc (D:3)
  4 bats
  4 giant cockroaches
  8 goblins
  10 hobgoblins
  8 jackals
  2 quokkas
  A ball python (D:2)
  2 frilled lizards
  10 kobolds
  5 rats
62 creatures vanquished.

Notes
Turn   | Place    | Note
-------+----------+-------------------------------------------
     0 | D:1      | miragecloak the Naga Transmuter began the quest for the Orb.
     0 | D:1      | Reached XP level 1. HP: 18/18 MP: 3/3
    86 | D:1      | Reached XP level 2. HP: 25/25 MP: 3/5
   842 | D:2      | Reached XP level 3. HP: 21/31 MP: 4/6
   871 | D:2      | Learned a level 3 spell: Spider Form
  1238 | D:2      | Reached skill level 1 in Poison Magic
  1857 | D:3      | Reached XP level 4. HP: 38/38 MP: 4/7
  1862 | D:3      | Noticed Shinoi's ghost (amateur DsGl)
  2815 | D:4      | Noticed a phantom
  2836 | D:4      | Slain by a phantom

Skill      XL: |  1  2  3  4 |
---------------+-------------+-----
Transmutations | 3 |  3.9
Poison Magic   | 2 3 |  3.1
Fighting       | |  1.0
Dodging        | |  1.5
Unarmed Combat | |  3.0
Spellcasting   | |  2.0

Action                   |  1- 3 |  4- 6 || total
-------------------------+-------+-------++-------
Melee: Unarmed           |   126 |    78 ||   204
       Headbutt          |     5 |       ||     5
 Cast: Beastly Appendage |    19 |       ||    19
       Spider Form       |    10 |    16 ||    26
 Abil: Spit Poison       |       |     2 ||     2
  Use: Scroll            |     3 |       ||     3
  Eat: Chunk             |     4 |     5 ||     9
Armor: Robe              |    24 |     2 ||    26
       Skin              |     1 |     6 ||     7
Dodge: Dodged            |    97 |   102 ||   199
